[Event "Team 45 45 League T30"]
[Site "Internet Chess Club"]
[Date "2006.04.15"]
[Round "4"]
[White "Kingofknights"]
[Black "Theodulf"]
[Result "0-1"]
[WhiteElo "1624"]
[BlackElo "1686"]
[TimeControl "2700+45"]

1. d4 d5 2. c4 dxc4 3. Nf3 Nf6 4. Nc3 a6 5. a4 e6 6. e4 Bb4 7. e5 Nd5 8. Qc2 Nc6
9. Bxc4 Nb6 10. Qd3 Na5 11. Ba2 c5 12. Be3 c4 13. Qc2 Nd5 14. O-O Bxc3 15. bxc3
b5 16. axb5 axb5 17. Ng5 Nxe3 18. fxe3 Qxg5 19. Rf3 O-O 20. Rg3 Qf5 21. e4 Qf4
22. Rf1 Qh4 23. Rff3 Bb7 24. Bb1 Nb3 25. Rh3 Qg5 26. Qf2 Qc1+ 27. Qf1 Qxf1+ 28.
Rxf1 Ra1 29. Bc2 Rxf1+ 30. Kxf1 Bxe4 31. Bxe4 Nd2+ 32. Ke2 Nxe4 33. Re3 f5 34.
exf6 Nxf6 35. Re5 Rb8 36. Kf3 Kf7 37. Rc5 Nd5 38. Kg4 Nxc3 39. Rc7+ Kf6 40. h4
Nd5 41. Rc6 c3 42. Kf3 b4 43. g4 b3 44. Ke4 b2 45. g5+ Kf7 {White resigns} 0-1 
aics%

[Event "Team 45 45 League T30"]
[Site "Internet Chess Club"]
[Date "2006.04.16"]
[Round "4"]
[White "clarnibass"]
[Black "DaveTheRook"]
[Result "1/2-1/2"]
[WhiteElo "1712"]
[BlackElo "1673"]
[TimeControl "2700+45"]

1. e4 e5 2. Nf3 Nc6 3. Bb5 a6 4. Ba4 Nf6 5. O-O Be7 6. Re1 b5 7. Bb3 O-O 8. a4
b4 9. d3 a5 10. Nbd2 d6 11. Nc4 h6 12. Ne3 Re8 13. Nd5 Bf8 14. Bd2 Rb8 15. Nxf6+
Qxf6 16. h3 Be6 17. Bxe6 Rxe6 18. c4 Be7 19. b3 Qg6 20. Be3 f5 21. exf5 Qxf5 22.
d4 e4 23. Nd2 Rg6 24. Kf1 Rf8 25. Qc2 Bf6 26. Qxe4 Qxe4 27. Nxe4 Bxd4 28. Rad1
Bxe3 29. Rxe3 Rf5 30. Ng3 Re5 31. Rxe5 Nxe5 32. Nf5 Kf7 33. Rd5 Nc6 34. c5 Ke6
35. cxd6 Kxd5 36. dxc7 Na7 37. Ne7+ Kd4 38. Nxg6 Kc3 39. Ne7 Kxb3 40. Ke2 Kxa4
41. Kd2 Kb3 42. Nc6 Nc8 43. Nxa5+ Ka4 44. Nc4 Kb5 45. Ne3 Kc6 46. Nf5 g6 47.
Nxh6 Kxc7 48. Kd3 Kb6 49. Kc4 Ka5 50. Kb3 Ne7 51. f4 Kb5 52. g4 Nc6 53. f5 Nd4+
54. Kb2 gxf5 55. Nxf5 Ne6 56. h4 Kc5 57. Kb3 Kd5 58. Kxb4 Ke5 59. h5 Kf6 60. Kc4
Kg5 61. h6 Nf8 62. Kd5 Kxg4 63. Ke5 Kg5 {Game drawn by mutual agreement} 1/2-1/2
 aics%

[Event "Team 45 45 League T30"]
[Site "Internet Chess Club"]
[Date "2006.04.16"]
[Round "4"]
[White "JustinSane"]
[Black "bobhill"]
[Result "1-0"]
[WhiteElo "2186"]
[BlackElo "2031"]
[TimeControl "2700+45"]

1. d4 d5 2. Bf4 Nf6 3. e3 g6 4. Nf3 Bg7 5. h3 c6 6. Bd3 Qb6 7. Qc1 Nbd7 8. O-O
Ne4 9. c4 e6 10. Rd1 c5 11. Nc3 Nxc3 12. bxc3 cxd4 13. cxd4 dxc4 14. Qxc4 O-O
15. Bc7 Qa6 16. Qxa6 bxa6 17. Be4 Rb8 18. Bxb8 Nxb8 19. Rdc1 Nd7 20. Rc7 e5 21.
Rac1 Nb6 22. Nxe5 Be6 23. Rxa7 Nd5 24. Nc6 Nf6 25. Bb1 Bh6 26. Rxa6 Nd5 27. Rc5
Re8 28. e4 Nf4 29. Ra7 f5 30. d5 Bf8 31. Rb5 Bxd5 32. exd5 Re1+ 33. Kh2 Bd6 34.
g3 Ne2 35. Rbb7 Rf1 36. Ra8+ Bf8 37. Ne7+ Kf7 38. Nxf5+ Kf6 39. Rxf8+ Kg5 40.
h4+ {Black resigns} 1-0  aics%

[Event "Team 45 45 League T30"]
[Site "Internet Chess Club"]
[Date "2006.04.17"]
[Round "4"]
[White "Gregorio"]
[Black "ROWLAND"]
[Result "1-0"]
[WhiteElo "2096"]
[BlackElo "1971"]
[TimeControl "2700+45"]

1. e4 e5 2. Nf3 d6 3. Bc4 Be7 4. h3 Nf6 5. Nc3 Nc6 6. a3 h6 7. d3 Be6 8. Nd5 a6
9. Be3 b5 10. Nxf6+ Bxf6 11. Bd5 Bxd5 12. exd5 Ne7 13. c4 Qd7 14. Qc2 c6 15.
dxc6 Qxc6 16. O-O O-O 17. Rac1 Rac8 18. Qe2 e4 19. dxe4 bxc4 20. Bd4 d5 21. e5
Bg5 22. Nxg5 hxg5 23. Qg4 Qg6 24. f4 gxf4 25. Qxf4 Nc6 26. Rc3 Nxd4 27. Qxd4
Rfd8 28. Qf4 Rd7 29. Rg3 Qh7 30. Qg4 Rcd8 31. Rf5 Qh6 32. Rh5 Qb6+ 33. Kh1 f6
34. Qh4 Qxb2 35. Rh8+ Kf7 36. Rxg7+ Kxg7 37. Qxf6# {Black checkmated} 1-0  aics%

[Event "Team 45 45 League T30"]
[Site "Internet Chess Club"]
[Date "2006.04.17"]
[Round "4"]
[White "fileman"]
[Black "room-matt"]
[Result "0-1"]
[WhiteElo "1923"]
[BlackElo "1844"]
[TimeControl "2700+45"]

1. e4 e5 2. f4 exf4 3. Nf3 d6 4. Bc4 g5 5. h4 g4 6. Ng5 Nh6 7. d4 f6 8. Bxf4 Qe7
9. O-O Bg7 10. e5 dxe5 11. Be3 fxg5 12. Bxg5 Qd6 13. Qe2 Qxd4+ 14. Kh1 Nc6 15.
Nc3 Nf5 16. Kh2 g3+ 17. Kh1 Qd6 18. Rad1 Qg6 19. Nd5 Kf8 20. Nxc7 Rb8 21. Qe3
Bf6 22. Rxf5 Bxf5 23. Bh6+ Bg7 24. Qc5+ Ne7 25. Rd6 Qxh6 26. Rxh6 Bxh6 27. Qxe5
Bg7 28. Ne6+ Bxe6 29. Qxe6 Ke8 30. Qf7+ Kd8 31. Qxg7 Kd7 32. Qxg3 Nc6 33. Qg7+
Kd6 34. Qf6+ Kc5 35. Qc3 Kb6 36. Qe3+ Kc7 37. c3 Rbe8 38. Qf4+ Kb6 39. b4 Re1+
40. Kh2 Rhe8 41. b5 Ne5 42. Qf2+ Kc7 43. Qxa7 Nxc4 44. Qc5+ Kb8 45. Qxc4 R1e4
46. Qc5 Rxh4+ 47. Kg3 Ra4 48. b6 Rxa2 49. Qd6+ Ka8 50. Qd7 Rh8 51. Qg7 Rc8 52.
Qxh7 Rxc3+ 53. Kh2 Rc8 54. Qh3 Rd8 55. Qb3 Rh8+ 56. Kg3 Ra5 57. Qc3 Rg8+ 58. Kh3
Rh5# {White checkmated} 0-1  aics%

[Event "Team 45 45 League T30"]
[Site "Internet Chess Club"]
[Date "2006.04.14"]
[Round "4"]
[White "six-killer"]
[Black "Malcolm"]
[Result "0-1"]
[WhiteElo "1777"]
[BlackElo "1744"]
[TimeControl "2700+45"]

1. e4 e5 2. Nf3 d5 3. exd5 Bd6 4. d4 e4 5. Ne5 Nf6 6. Bb5+ Bd7 7. Nxd7 Nbxd7 8.
O-O Nxd5 9. Nd2 c6 10. Nxe4 Bc7 11. Bd3 O-O 12. Bg5 f6 13. Bd2 N7b6 14. Nc5 Rf7
15. Qh5 g6 16. Qh3 Bd6 17. Nxb7 Rxb7 18. Qe6+ Kg7 19. c4 Re7 20. Qg4 Nb4 21. Be4
Nxc4 22. Bxb4 Bxb4 23. Bxc6 Rc8 24. d5 Nd2 25. Qxb4 Nxf1 26. Rxf1 Re5 27. Rc1
Rxd5 {White resigns} 0-1  aics%

[Event "Team 45 45 League T30"]
[Site "Internet Chess Club"]
[Date "2006.04.17"]
[Round "4"]
[White "Guasto"]
[Black "Allessia"]
[Result "0-1"]
[WhiteElo "2035"]
[BlackElo "2156"]
[TimeControl "2700+45"]

1. e4 c5 2. d4 cxd4 3. c3 dxc3 4. Nxc3 Nc6 5. Nf3 e6 6. Bc4 Qc7 7. Qe2 Bc5 8.
O-O Nge7 9. Rd1 O-O 10. Be3 Bxe3 11. Qxe3 a6 12. a3 Ng6 13. Ba2 Nge5 14. Nxe5
Qxe5 15. f4 Qa5 16. Rd6 Qc7 17. e5 Ne7 18. g4 b5 19. Rad1 Rd8 20. Ne4 Bb7 21.
Ng5 Qc2 22. R6d2 Qc6 23. Qg3 h6 24. Nh3 Qh1+ 25. Kf2 Qc6 26. Rd6 Qc2+ 27. R1d2
Qc5+ 28. Qe3 Qxe3+ 29. Kxe3 Bd5 30. Bb1 Nc8 31. R6xd5 exd5 32. Rxd5 Nb6 33. Rd6
Nc4+ {White resigns} 0-1  aics%

[Event "Team 45 45 League T30"]
[Site "Internet Chess Club"]
[Date "2006.04.16"]
[Round "4"]
[White "adingod"]
[Black "jayes"]
[Result "1-0"]
[WhiteElo "2024"]
[BlackElo "1928"]
[TimeControl "2700+45"]

1. d4 Nf6 2. Nc3 d5 3. Bg5 Nbd7 4. f3 e6 5. e4 Be7 6. Qd2 O-O 7. O-O-O c6 8. h4
h6 9. Be3 Nh7 10. Kb1 b5 11. g4 Nb6 12. Nh3 b4 13. Ne2 Nc4 14. Qc1 Nxe3 15. Qxe3
Bxh4 16. e5 a5 17. f4 Be7 18. Ng3 Ba6 19. Bd3 Bxd3 20. Qxd3 c5 21. dxc5 g6 22.
Rh2 a4 23. Rdh1 b3 24. Nf2 bxc2+ 25. Qxc2 Kg7 26. Rxh6 Rh8 27. f5 Bg5 28. f6+
Bxf6 29. exf6+ Qxf6 30. Nh5+ gxh5 31. Rxf6 Nxf6 32. g5 Nd7 33. Nd3 {Black
resigns} 1-0  aics%

[Event "Team 45 45 League T30"]
[Site "Internet Chess Club"]
[Date "2006.04.14"]
[Round "4"]
[White "JohnnySP"]
[Black "Div-anand"]
[Result "0-1"]
[WhiteElo "1754"]
[BlackElo "1910"]
[TimeControl "2700+45"]

1. e4 e5 2. Nf3 Nc6 3. Bb5 a6 4. Ba4 Nf6 5. O-O Be7 6. Re1 b5 7. Bb3 O-O 8. d4
Nxd4 9. Nxd4 exd4 10. e5 Ne8 11. Qxd4 d6 12. Qe4 Rb8 13. e6 f5 14. Qe2 c5 15. c3
c4 16. Bc2 Nc7 17. Nd2 Nxe6 18. Nf3 d5 19. Bd2 Bd6 20. Ne5 Qc7 21. f4 d4 22.
cxd4 Nxd4 23. Qd1 Bb7 24. Bc3 Nxc2 25. Qxc2 Be4 26. Rxe4 fxe4 27. Qxe4 Qb7 28.
Qd4 Bxe5 29. fxe5 Qb6 30. Re1 Qxd4+ 31. Bxd4 Rfe8 32. Kf2 Rbd8 33. Ke3 Kf7 34.
Ke4 Ke6 35. a3 Rd5 36. Re2 Red8 37. Bc3 Rd3 38. Re1 R8d5 39. Re2 Rxc3 40. bxc3
Rxe5+ 41. Kf3 Rxe2 42. Kxe2 Kd5 43. Kf3 a5 44. Ke3 Kc5 45. Kd2 g5 46. h3 h6 47.
g4 Kd5 48. Ke3 Ke5 49. Kf3 Kd5 50. Ke3 Kc5 51. Kd2 b4 52. cxb4+ axb4 53. axb4+
Kxb4 54. Kc2 c3 55. Kc1 Kc4 56. Kc2 Kd4 57. Kc1 Ke3 58. Kc2 Kf4 59. Kxc3 Kg3 60.
Kd3 Kxh3 61. Ke3 Kxg4 62. Kf2 Kf4 {White resigns} 0-1  aics%

[Event "Team 45 45 League T30"]
[Site "Internet Chess Club"]
[Date "2006.04.15"]
[Round "4"]
[White "Avedldesierto"]
[Black "mickeys"]
[Result "1/2-1/2"]
[WhiteElo "1738"]
[BlackElo "1714"]
[TimeControl "2700+45"]

1. e4 e6 2. f4 d5 3. e5 c5 4. Nf3 f6 5. b3 Bd7 6. d4 Nc6 7. Bb2 cxd4 8. Nxd4
Bb4+ 9. Nd2 Qb6 10. c3 Nxd4 11. cxd4 O-O-O 12. Rc1+ Kb8 13. Rc2 fxe5 14. fxe5
Nh6 15. a3 Be7 16. Rc3 Bc6 17. Rf3 Nf5 18. Nb1 Qa5+ 19. b4 Qb6 20. Qd3 a6 21.
Nd2 Bb5 22. Qb3 Nxd4 23. Bxd4 Qxd4 24. Bxb5 axb5 25. Qc3 Qxc3 26. Rxc3 Rc8 27.
Nb1 Rc4 28. Kd2 Rf8 29. Rf3 Rxf3 30. gxf3 Bg5+ 31. Kd3 Kc7 32. Rg1 h6 33. Nc3
Kb6 34. Rg4 Rf4 35. Rxf4 Bxf4 36. Kd4 Bxh2 37. Ne2 h5 38. f4 h4 39. Ke3 Bg3 40.
Kf3 Be1 41. Nd4 h3 42. Nxe6 h2 43. Kg2 Bg3 44. Nxg7 Bxf4 45. e6 Bg5 46. Kxh2 Kc6
47. Nf5 Kc7 48. Kg3 Bc1 49. Nd4 Kd6 50. Kf3 Bb2 51. e7 Kxe7 52. Nxb5 Kd7 53. Ke3
Kc6 54. a4 Be5 55. Nd4+ Kb6 56. Ne6 Bc3 57. Nf4 Kc6 58. Nd3 b6 59. Ke2 d4 60.
Kd1 Kd5 61. a5 bxa5 62. bxa5 Bxa5 63. Nf4+ Ke4 64. Ne6 Ke3 65. Nxd4 {Game drawn
because neither player has mating material} 1/2-1/2  aics%

[Event "Team 45 45 League T30"]
[Site "Internet Chess Club"]
[Date "2006.04.14"]
[Round "4"]
[White "nursey"]
[Black "stakastra"]
[Result "0-1"]
[WhiteElo "1679"]
[BlackElo "1624"]
[TimeControl "2700+45"]

1. e4 e5 2. Nf3 Nc6 3. Bb5 d6 4. d3 h6 5. Bxc6+ bxc6 6. Nc3 Nf6 7. O-O Be7 8.
Be3 Bg4 9. h3 Bh5 10. a4 Nh7 11. b4 Bg5 12. Qd2 Bxf3 13. gxf3 Qd7 14. f4 exf4
15. Bd4 Qxh3 16. Nd1 f3 17. Ne3 Bxe3 18. fxe3 Ng5 19. Rf2 Qg4+ 20. Kh1 Nh3 21.
Rh2 Qg3 22. Rf1 f2 23. Rg2 Qf3 24. Bxg7 Rg8 25. Qc3 O-O-O 26. Qf6 Qe2 27. Ra1
Qe1+ 28. Kh2 Ng5 29. Rxf2 Qxe3 30. Raf1 Qh3+ 31. Kg1 Qg3+ 32. Rg2 Qe3+ 33. Kh1
Qh3+ 34. Rh2 Qg4 35. Bxh6 Nh3 36. Be3 Kb8 37. Qxf7 Rg7 38. Qf6 Rdg8 39. Qd4 Qg3
40. Qxa7+ Kc8 41. b5 c5 42. Qa8+ Kd7 43. Qc6+ Kd8 44. Bxc5 Qg1+ 45. Rxg1 Rxg1+
46. Bxg1 Rxg1# {White checkmated} 0-1  aics%

[Event "Team 45 45 League T30"]
[Site "Internet Chess Club"]
[Date "2006.04.15"]
[Round "4"]
[White "Ghostblaster"]
[Black "RD1974"]
[Result "1-0"]
[WhiteElo "1669"]
[BlackElo "1609"]
[TimeControl "2700+45"]

1. d4 Nf6 2. c4 e6 3. Nc3 d5 4. Nf3 Be7 5. e3 O-O 6. Bd3 c5 7. cxd5 cxd4 8. Nxd4
Nxd5 9. Nxd5 Qxd5 10. Nf3 Rd8 11. Bc2 Qb5 12. Nd4 Bb4+ 13. Bd2 Bxd2+ 14. Qxd2
Qxb2 15. Bxh7+ Kxh7 16. Qxb2 {Black resigns} 1-0  aics%

[Event "Team 45 45 League T30"]
[Site "Internet Chess Club"]
[Date "2006.04.19"]
[Round "4"]
[White "Rainbird"]
[Black "autobot"]
[Result "1-0"]
[WhiteElo "1701"]
[BlackElo "1577"]
[TimeControl "2700+45"]

1. d4 c6 2. c4 d5 3. Nc3 Nf6 4. e3 Bf5 5. cxd5 Nxd5 6. Qb3 Nxc3 7. bxc3 Qc7 8.
Ba3 Be6 9. Bc4 Bxc4 10. Qxc4 g6 11. Nf3 Bg7 12. O-O O-O 13. Rab1 Re8 14. Ng5 e6
15. e4 Nd7 16. Qd3 Nf6 17. f4 h6 18. Nh3 Red8 19. f5 exf5 20. exf5 Ng4 21. Rf4
Ne5 22. Qg3 Nc4 23. fxg6 fxg6 24. Rf8+ Bxf8 25. Qxc7 Bxa3 26. Rxb7 {Black
resigns} 1-0  aics%

[Event "Team 45 45 League T30"]
[Site "Internet Chess Club"]
[Date "2006.04.17"]
[Round "4"]
[White "BenjaminSisko"]
[Black "bondguy01"]
[Result "1/2-1/2"]
[WhiteElo "1603"]
[BlackElo "1648"]
[TimeControl "2700+45"]

1. e4 e5 2. Nf3 Nc6 3. Bb5 a6 4. Bxc6 dxc6 5. d4 exd4 6. Qxd4 Qxd4 7. Nxd4 Bd7
8. O-O O-O-O 9. Nc3 c5 10. Nf3 Ne7 11. Be3 b6 12. Rad1 Bg4 13. Rxd8+ Kxd8 14.
Ne5 Be6 15. Rd1+ Kc8 16. f4 f6 17. Nd3 g6 18. a3 Bg7 19. Nf2 Rd8 20. Kf1 Rxd1+
21. Ncxd1 f5 22. e5 Nd5 23. Bd2 Kd7 24. b3 c6 25. c4 Nc7 26. Nd3 a5 27. a4 Bf8
28. Ne3 Na6 29. h4 Nb4 30. Ke2 Nxd3 31. Kxd3 Kc7 32. g3 Be7 33. Nd1 Kb7 {Game
drawn by mutual agreement} 1/2-1/2  aics%

[Event "Team 45 45 League T30"]
[Site "Internet Chess Club"]
[Date "2006.04.14"]
[Round "4"]
[White "Just-Jim"]
[Black "mrmarck"]
[Result "1-0"]
[WhiteElo "1420"]
[BlackElo "1411"]
[TimeControl "2700+45"]

1. e4 e5 2. Nf3 Nc6 3. Bc4 d6 4. h3 h6 5. Bd5 Bd7 6. O-O Nf6 7. Nc3 Nxd5 8. Nxd5
Ne7 9. c4 c6 10. Nc3 Ng6 11. d3 Be7 12. Nh2 Bg5 13. Be3 Bf4 14. Bxf4 Nxf4 15.
Qf3 Qg5 16. Ne2 Nxh3+ 17. Kh1 Nf4 18. Nxf4 exf4 19. Rg1 O-O-O 20. g3 fxg3 21.
Rxg3 Qd2 22. b3 Qc3 23. Rgg1 Be6 24. Qe3 b6 25. Rgc1 Qe5 26. f4 Qh5 27. f5 Bd7
28. Qf4 Kc7 29. a4 g5 30. fxg6 fxg6 31. a5 Ra8 32. Rg1 Rhf8 33. Qg3 g5 34. Kg2
Qe2+ 35. Kh1 Rf4 36. axb6+ Kxb6 37. Rg2 Qh5 38. Kg1 Bh3 39. Qe3+ c5 40. Rg3 Bg4
41. b4 Qf7 42. bxc5+ dxc5 43. Rb1+ Kc6 44. Rxg4 Rxg4+ 45. Nxg4 Qh5 46. Nh2 a5
47. Qf2 Qg6 48. Rb5 Qd6 49. Qf7 Qd4+ 50. Kg2 Qxd3 51. Qb7+ Kd6 52. Rb6+ Ke5 53.
Qe7+ Kf4 54. Rf6+ {Black resigns} 1-0  aics%

[Event "Team 45 45 League T30"]
[Site "Internet Chess Club"]
[Date "2006.04.15"]
[Round "4"]
[White "NotSoGreat"]
[Black "Legal"]
[Result "1-0"]
[WhiteElo "2274"]
[BlackElo "2027"]
[TimeControl "2700+45"]

1. e4 d5 2. exd5 Nf6 3. Nf3 Nxd5 4. d4 Bf5 5. a3 e6 6. c4 Nb6 7. Nc3 c6 8. c5
Nd5 9. Bc4 Be7 10. O-O O-O 11. Nxd5 exd5 12. Bd3 Bxd3 13. Qxd3 b6 14. b4 a5 15.
Bf4 Nd7 16. Rfe1 Re8 17. h3 Bf6 18. b5 bxc5 19. bxc6 c4 20. Rxe8+ Qxe8 21. cxd7
Qxd7 22. Qc2 h6 23. Re1 g5 24. Be5 Be7 25. Re3 Ra6 26. Qb1 Rc6 27. Bg3 Rc8 28.
Ne5 Qd8 29. Rf3 {Black resigns} 1-0  aics%

[Event "Team 45 45 League T30"]
[Site "Internet Chess Club"]
[Date "2006.04.16"]
[Round "4"]
[White "jonesey"]
[Black "billarvola"]
[Result "1-0"]
[WhiteElo "2028"]
[BlackElo "2010"]
[TimeControl "2700+45"]

1. e4 e5 2. Nf3 Nc6 3. Bc4 Bc5 4. c3 Nf6 5. d4 exd4 6. cxd4 Bb4+ 7. Nc3 Nxe4 8.
O-O Bxc3 9. d5 Ne5 10. bxc3 Nxc4 11. Qd4 O-O 12. Qxe4 Nd6 13. Qg4 Qf6 14. Bg5
Qf5 15. Qh4 f6 16. Bc1 b6 17. Ba3 Bb7 18. c4 Rfe8 19. Bxd6 cxd6 20. Qg3 Re4 21.
Qxd6 Rxc4 22. Rad1 Rc5 23. Nh4 Qe4 24. Qxd7 {Black resigns} 1-0  aics%

[Event "Team 45 45 League T30"]
[Site "Internet Chess Club"]
[Date "2006.04.22"]
[Round "4"]
[White "nminwalla"]
[Black "Bort"]
[Result "0-1"]
[WhiteElo "2045"]
[BlackElo "2007"]
[TimeControl "2700+45"]

1. e4 d6 2. d4 Nf6 3. Nc3 g6 4. f4 Bg7 5. Nf3 O-O 6. Bd3 Na6 7. a3 c5 8. d5 Bg4
9. h3 Bxf3 10. Qxf3 Nc7 11. Be3 Rb8 12. Qe2 b5 13. Qf3 a5 14. O-O Nd7 15. Rab1
e6 16. Nd1 exd5 17. exd5 Nb6 18. f5 Nbxd5 19. Bc1 Nf6 20. Bg5 d5 21. Ne3 Qd7 22.
Ng4 Rb6 23. Ne5 Qc8 24. c3 Ne4 25. Bxe4 dxe4 26. Qxe4 Bxe5 27. fxg6 f6 28. Bh6
Re8 29. gxh7+ Kh8 30. Qg6 Qd7 31. Rbd1 Qxh7 {White resigns} 0-1  aics%

[Event "Team 45 45 League T30"]
[Site "Internet Chess Club"]
[Date "2006.04.15"]
[Round "4"]
[White "forketta"]
[Black "kabindra"]
[Result "0-1"]
[WhiteElo "1948"]
[BlackElo "1846"]
[TimeControl "2700+45"]

1. d4 d5 2. c4 e6 3. Nc3 Nf6 4. cxd5 exd5 5. Bg5 Be7 6. e3 O-O 7. Bd3 Nc6 8. a3
Bg4 9. f3 Bh5 10. Nge2 Ne4 11. Bxe7 Nxc3 12. Nxc3 Nxe7 13. O-O c6 14. Qd2 Bg6
15. Bxg6 Nxg6 16. e4 dxe4 17. fxe4 Qb6 18. Kh1 Rad8 19. Rad1 Ne5 20. Na4 Qb5 21.
Nc3 Qb3 22. Rb1 Nc4 23. Qf2 b5 24. d5 cxd5 25. Nxd5 Nd6 26. Nc3 a6 27. Rbd1 Nxe4
28. Qf3 Nxc3 29. Rxd8 Rxd8 30. Qxc3 Qxc3 31. bxc3 Rd3 32. Rc1 Kf8 33. Kg1 Ke7
34. Kf2 Rd2+ 35. Kf3 Ra2 36. c4 Rxa3+ 37. Ke2 bxc4 38. Rxc4 Ra2+ 39. Kf3 f5 40.
Rc6 a5 41. Ra6 a4 42. h4 a3 43. g3 Ra1 44. Kf2 Kf7 45. Kg2 h6 46. Kh2 a2 47. h5
Ke7 48. Kg2 Kd7 49. Kf2 Kc7 50. Ke2 Kb7 51. Ra3 Kb6 52. Kf2 Kb5 53. Ra8 Kb4 54.
Rb8+ Kc3 55. Rc8+ Kd3 56. Rd8+ Ke4 57. Re8+ Kd5 58. Ra8 Rh1 {White resigns} 0-1 
aics%

[Event "Team 45 45 League T30"]
[Site "Internet Chess Club"]
[Date "2006.04.16"]
[Round "4"]
[White "reinaroja"]
[Black "Nomad"]
[Result "1-0"]
[WhiteElo "2138"]
[BlackElo "1947"]
[TimeControl "2700+45"]

1. e4 c5 2. Nf3 Nc6 3. d4 cxd4 4. Nxd4 Nf6 5. Nc3 d6 6. Bg5 e6 7. Qd2 Be7 8.
O-O-O O-O 9. Nb3 Qb6 10. f3 Rd8 11. Nb5 d5 12. Be3 d4 13. N5xd4 e5 14. Nxc6 Qxc6
15. Qxd8+ Bxd8 16. Rxd8+ Ne8 17. Na5 Qe6 18. Bb5 Kf8 19. Bc5+ Kg8 20. Rxe8+ Qxe8
21. Bxe8 b6 22. Bc6 Rb8 23. Bd6 {Black resigns} 1-0  aics%

[Event "Team 45 45 League T30"]
[Site "Internet Chess Club"]
[Date "2006.04.18"]
[Round "4"]
[White "Squaredance"]
[Black "Gandalf"]
[Result "1-0"]
[WhiteElo "1951"]
[BlackElo "1736"]
[TimeControl "2700+45"]

1. d4 d5 2. Nf3 Nf6 3. e3 Bg4 4. c4 Bxf3 5. gxf3 c6 6. Nc3 e6 7. Qb3 Qc7 8. Bd2
Nbd7 9. f4 g6 10. Rc1 Rc8 11. Bd3 a6 12. c5 Rb8 13. Qd1 Nh5 14. b4 f5 15. a4 Qd8
16. Ne2 Qh4 17. b5 axb5 18. axb5 Ndf6 19. Ng3 Be7 20. bxc6 bxc6 21. Qa4 Kf7 22.
Qxc6 Ng4 23. Be2 Qh3 24. Bxg4 Qxg4 25. Qa6 Ra8 26. Qe2 Qh3 27. Qf1 Qg4 28. Qg2
Ra2 29. f3 Qh4 30. O-O Rb8 31. Rf2 Bd8 32. Be1 Rxf2 33. Bxf2 Nxg3 34. hxg3 Qe7
35. g4 Bc7 36. Qh3 Kg8 37. Ra1 Bd8 38. Kg2 Qb7 39. Ra2 Be7 40. g5 Bd8 41. Qh1
Qc6 42. Qa1 Bc7 43. Ra6 Qb7 44. Rxe6 Ra8 45. Qc1 Ra2 46. Re7 Qb8 47. Qh1 h5 48.
gxh6 Ba5 49. h7+ Kh8 50. Qh6 Rxf2+ 51. Kg3 Rg2+ 52. Kxg2 {Black resigns} 1-0 
aics%

[Event "Team 45 45 League T30"]
[Site "Internet Chess Club"]
[Date "2006.04.16"]
[Round "4"]
[White "Vitruvian"]
[Black "Chessmurderer"]
[Result "1-0"]
[WhiteElo "1962"]
[BlackElo "1896"]
[TimeControl "2700+45"]

1. e4 c5 2. c3 d5 3. exd5 Qxd5 4. d4 e5 5. dxe5 Qxe5+ 6. Qe2 Nc6 7. Nf3 Qxe2+ 8.
Bxe2 Nf6 9. O-O Be7 10. Re1 a6 11. Bg5 O-O 12. a4 Be6 13. Nbd2 h6 14. Bh4 Rad8
15. Bc4 Bd5 16. Bxd5 Rxd5 17. Bxf6 Bxf6 18. Ne4 Rfd8 19. Nxf6+ gxf6 20. Kf1 Ne5
21. Nxe5 fxe5 22. f3 f6 23. Kf2 Kf7 24. Re2 f5 25. Rae1 Kf6 26. g3 c4 27. h3 Ra5
28. f4 e4 29. g4 Rd3 30. Kg2 Rxa4 31. gxf5 Ra2 32. h4 Kxf5 33. Kh2 e3 34. Kg3
Ke4 35. Kg4 Ra5 36. f5 h5+ 37. Kxh5 Rxf5+ 38. Kg6 Rf2 39. Rxf2 {Black resigns}
1-0  aics%

[Event "Team 45 45 League T30"]
[Site "Internet Chess Club"]
[Date "2006.04.15"]
[Round "4"]
[White "tourettes"]
[Black "rayonline53"]
[Result "1-0"]
[WhiteElo "1762"]
[BlackElo "1658"]
[TimeControl "2700+45"]

1. e4 c5 2. Nc3 d6 3. g3 Nc6 4. Bg2 g6 5. Nge2 Bg7 6. O-O Nf6 7. h3 O-O 8. d3
Be6 9. Be3 a6 10. Qd2 Qc7 11. Bh6 Rab8 12. Bxg7 Kxg7 13. f4 Bd7 14. g4 e6 15.
Ng3 Ne7 16. Qf2 Bc6 17. Rae1 b6 18. Qe3 Qb7 19. Nce2 Kg8 20. f5 Ne8 21. fxe6
fxe6 22. Rxf8+ Kxf8 23. Qh6+ Kg8 24. Rf1 Ng7 25. Qf4 Qd7 26. Qh6 Re8 27. h4 d5
28. h5 d4 29. Qf4 e5 30. Qxe5 Qxg4 31. h6 Nef5 32. Qc7 Ne7 33. hxg7 Kxg7 34. Nf4
Kh6 35. Nge2 Nf5 36. exf5 Bxg2 37. Nxg2 Rxe2 38. Qh2+ Kg5 39. f6 Rxc2 40. f7
{Black resigns} 1-0  aics%

[Event "Team 45 45 League T30"]
[Site "Internet Chess Club"]
[Date "2006.04.16"]
[Round "4"]
[White "cazj"]
[Black "arconia"]
[Result "0-1"]
[WhiteElo "1343"]
[BlackElo "1372"]
[TimeControl "2700+45"]

1. e4 c5 2. c3 Nc6 3. d4 cxd4 4. cxd4 e6 5. Nc3 Nf6 6. Bg5 d6 7. Bb5 Be7 8. Nf3
O-O 9. Bc4 d5 10. exd5 exd5 11. Bb3 Be6 12. Ne5 Nxe5 13. dxe5 Ne4 14. Bxe7 Qxe7
15. Bxd5 Rad8 16. Qf3 Nxc3 17. Bxe6 Qxe6 18. Qxc3 Rc8 19. Qe3 Rc2 20. b3 Qa6 21.
a4 Qa5+ 22. Kd1 Rc3 23. Qe1 Rd8+ 24. Ke2 Qa6# {White checkmated} 0-1  aics% 
PANAMA-REY(71): bueno acuanto idioma no, pero como lengua el mandarin lo hablan
más personas chinos por supesto aics%

[Event "Team 45 45 League T30"]
[Site "Internet Chess Club"]
[Date "2006.04.16"]
[Round "4"]
[White "WzeroMN"]
[Black "Midwest-Rook"]
[Result "1-0"]
[WhiteElo "1176"]
[BlackElo "1248"]
[TimeControl "2700+45"]

1. e4 e5 2. Nf3 Nc6 3. Bb5 Bc5 4. Nc3 a6 5. Bxc6 dxc6 6. a3 Bg4 7. d3 h6 8. O-O
Qf6 9. Re1 Qg6 10. Be3 Bxe3 11. Rxe3 Bh3 12. Qf1 Bg4 13. Rd1 Rd8 14. Nxe5 Qh5
15. Nxg4 Qxg4 16. Qe2 Qxe2 17. Rxe2 Nf6 18. e5 Nd5 19. e6 f6 20. Nxd5 cxd5 21.
e7 Rd7 22. Rde1 Rh7 23. Kf1 g5 24. Re6 Rd6 25. Rxd6 cxd6 26. Re6 Rxe7 27. Rxf6
Kd7 28. Rxh6 Re5 29. Rh3 Ke6 30. Re3 Rxe3 31. fxe3 Kf5 32. Kf2 Ke5 33. Kf3 d4
34. e4 b5 35. Kg4 Kf6 36. Kh5 a5 37. b4 a4 38. g3 d5 39. exd5 Ke5 40. Kxg5 Kxd5
41. h4 {Black resigns} 1-0  aics%

[Event "Team 45 45 League T30"]
[Site "Internet Chess Club"]
[Date "2006.04.18"]
[Round "4"]
[White "rpgrossman"]
[Black "PassTheGuard"]
[Result "1-0"]
[WhiteElo "1087"]
[BlackElo "1177"]
[TimeControl "2700+45"]

1. Nf3 d6 2. g3 e6 3. d4 Nf6 4. Bg2 Nc6 5. e3 Be7 6. O-O O-O 7. Nc3 d5 8. Bd2 b6
9. b3 a6 10. Ne2 Ne4 11. c4 Bd7 12. Ne5 Nxe5 13. dxe5 c6 14. cxd5 cxd5 15. Qc2
Rc8 16. Nc3 Bb4 17. Bxe4 dxe4 18. Rac1 Bb5 19. Rfd1 Qe8 20. Qxe4 Bc6 21. Qxb4
Bf3 22. Re1 Qd8 23. Na4 a5 24. Rxc8 axb4 25. Rxd8 Rxd8 26. Bxb4 b5 27. Nc3 Rd2
28. Nxb5 Rxa2 29. Na3 Bd5 30. Rc1 h6 31. Rf1 Bxb3 32. Rc1 Bd5 33. Kf1 Be4 34.
Rc8+ Kh7 35. Rc4 Bd3+ 36. Kg2 Bxc4 37. Nxc4 Kg6 38. Nd6 Rb2 39. Bc3 Rc2 40. Ne4
Kf5 41. Kf3 Rxc3 42. Nxc3 Kxe5 43. h4 g5 44. Kg4 Kf6 45. Ne4+ Kg6 46. hxg5 f5+
47. Kf4 fxe4 48. gxh6 Kxh6 49. Ke5 Kg5 50. Kxe6 Kg4 51. Ke5 Kf3 52. g4 Kxg4 53.
Kxe4 Kg5 54. f4+ Kf6 55. f5 Ke7 56. Kd5 Kf6 57. e4 Kf7 58. e5 Ke7 59. f6+ Kd7
60. e6+ Ke8 61. Kd6 Kf8 62. Kd7 Kg8 63. e7 Kf7 64. e8=Q+ Kxf6 65. Qe6+ Kg5 66.
Kd6 Kf4 67. Qe5+ Kf3 68. Kd5 Kg4 69. Ke4 Kh3 70. Qg5 Kh2 71. Kf3 Kh1 72. Qg2#
{Black checkmated} 1-0  aics%

[Event "Team 45 45 League T30"]
[Site "Internet Chess Club"]
[Date "2006.04.14"]
[Round "4"]
[White "ChessZak"]
[Black "SargentBono"]
[Result "1-0"]
[WhiteElo "1457"]
[BlackElo "1506"]
[TimeControl "2700+45"]

1. d4 d5 2. c4 Nc6 3. Nf3 Bg4 4. cxd5 Bxf3 5. dxc6 Bxc6 6. Nc3 Nf6 7. Bg5 e6 8.
e4 Be7 9. f3 O-O 10. Bc4 a6 11. O-O b5 12. Bb3 Bb7 13. a3 Rc8 14. Ne2 c5 15. Rc1
Qb6 16. e5 Nd5 17. Bxe7 Nxe7 18. dxc5 Rxc5 19. Qd4 Rfc8 20. Rfd1 Nf5 21. Qf2 Qc7
22. Rxc5 Qxc5 23. Qxc5 Rxc5 24. Rd8# {Black checkmated} 1-0